 Seeded DCSS version 0.29-a0-82-g837932c90e (webtiles) character file.

Game seed: 10000000000011 (custom seed)

235 knot the Chopper (level 5, 0/41 HPs)
             Began as a Demonspawn Berserker on Feb 5, 2022.
             Was a Believer of Trog.
             Succumbed to a scorpion's poison
             ... on level 4 of the Dungeon.
             The game lasted 00:02:23 (2976 turns).

knot the Chopper (Demonspawn Berserker)             Turns: 2976, Time: 00:02:24

Health: 0/41       AC:  2    Str: 18    XL:     5   Next: 76%
Magic:  5/5        EV: 12    Int: 10    God:    Trog [**....]
Gold:   105        SH:  5    Dex: 12    Spells: 4/4 levels left

rFire   . . .      SeeInvis .   a - +0 hand axe
rCold   . . .      Faith    .   (no shield)
rNeg    . . .      Spirit   .   b - +0 animal skin
rPois   .          Reflect  +   (no helmet)
rElec   .          Harm     .   (no cloak)
rCorr   .          Rampage  .   (no gloves)
Will    ++...                   (no boots)
Stlth   +.........              d - amulet of reflection
HPRegen 1.13/turn               (no ring)
MPRegen 0.18/turn               (no ring)

@: lethally poisoned (0 -> -2), strong-willed, on berserk cooldown,
regenerating, slowed, very slow
A: magic regeneration, demonic touch 1
a: Renounce Religion, Berserk, Trog's Hand


You were on level 4 of the Dungeon.
You worshipped Trog.
Trog was pleased with you.
You visited 1 branch of the dungeon, and saw 4 of its levels.

You collected 105 gold pieces.

Inventory:

Hand Weapons
 a - a +0 hand axe (weapon)
Missiles
 f - 49 stones
 j - 2 poisoned darts (quivered)
 n - 4 boomerangs
Armour
 b - a +0 animal skin (worn)
Jewellery
 d - an amulet of reflection (around neck)
Wands
 m - a wand of polymorph (8)
Scrolls
 c - a scroll of amnesia {unknown}
 e - 2 scrolls of identify {unknown}
 k - 2 scrolls of blinking {unknown}
 l - a scroll of fog {unknown}
Potions
 g - a potion of might {unknown}
 h - a potion of heal wounds {unknown}
 i - a potion of magic {unknown}


   Skills:
 - Level 3.0 Fighting
 + Level 6.0 Axes
 - Level 1.7 Armour
 - Level 1.7 Dodging


You had 4 spell levels left.
You didn't know any spells.
Your spell library contained the following spells:

 Spells                   Type           Power      Damage    Failure   Level
 Corpse Rot               Necr/Air       0%         N/A       50%         2
 Ensorcelled Hibernation  Hex/Ice        0%         N/A       50%         2
 Passwall                 Tmut/Erth      0%         N/A       50%         2
 Poisonous Vapours        Pois/Air       0%         N/A       50%         2
 Swiftness                Air            0%         N/A       75%         3


Dungeon Overview and Level Annotations

Branches:
Dungeon (4/15)
 Temple: D:4-7

Altars:

Shops:
D:3 [


Innate Abilities, Weirdness & Mutations

You regenerate magic rapidly.
Your touch may inflict minor irresistible damage on your foes.


Message History

You hit the scorpion but do no damage. Your touch misses the scorpion.
The scorpion is lightly wounded.
You feel sick. The scorpion stings you.
You are too injured to fight recklessly!
A red film seems to cover your vision as you go berserk!
You feel yourself moving faster!
You feel mighty!
You feel sick. The scorpion stings you.
You are more poisoned.
The scorpion poisons you!
You slash the scorpion!
The scorpion is severely wounded.
You feel sick. The scorpion stings you.
You are lethally poisoned!
The scorpion poisons you!
You slash the scorpion!
You kill the scorpion!
Trog accepts your kill.
* * * LOW HITPOINT WARNING * * *
You feel very sick.
Your Axes skill increases to level 6!
* * * LOW HITPOINT WARNING * * *
You feel very sick.
You feel a strong urge to attack something.
* * * LOW HITPOINT WARNING * * *
You feel very sick.
There is a lethal amount of poison in your body!
There is a lethal amount of poison in your body!
There is a lethal amount of poison in your body!
* * * LOW HITPOINT WARNING * * *
You feel sick.
You feel your anger nearly subside.
You are no longer berserk.
You are exhausted.
You feel yourself slow down.
* * * LOW HITPOINT WARNING * * *
You feel sick.
* * * LOW HITPOINT WARNING * * *
You feel very sick.
Your skin crawls.
You feel strong-willed.
You die...

#.## #..## #
..###..####### .#
#............######.#
######..####.....#..#.##
##.# ##.##........ #.#
#.##.####.##
#.#####.##.#
#.##....##@#
#.....<.##.#
####....##.# #....##.#
#....##.# #....##.#
#....##.. ########.


There were no monsters in sight!

Vanquished Creatures
  An ogre (D:3)
  A scorpion (D:4)
  4 adders
  6 endoplasms
  A giant cockroach (D:1)
  3 goblins
  4 hobgoblins
  14 jackals
  A ball python (D:2)
  7 bats
  5 frilled lizards
  3 kobolds
  5 rats
55 creatures vanquished.

Notes
Turn   | Place    | Note
-------+----------+-------------------------------------------
     0 | D:1      | knot the Demonspawn Berserker began the quest for the Orb.
     0 | D:1      | Reached XP level 1. HP: 18/18 MP: 1/1
   110 | D:1      | Reached skill level 3 in Axes
   239 | D:1      | Gained mutation: You regenerate magic rapidly. [demonic
                  | ancestry]
   239 | D:1      | Reached XP level 2. HP: 5/24 MP: 2/2
  1174 | D:2      | Reached skill level 4 in Axes
  1174 | D:2      | Gained mutation: Your touch may inflict minor irresistible
                  | damage on your foes. [demonic ancestry]
  1174 | D:2      | Reached XP level 3. HP: 8/29 MP: 3/3
  1178 | D:2      | HP: 1/43 [poisoned by an adder]
  1454 | D:2      | Reached ** piety under Trog
  1944 | D:2      | Reached XP level 4. HP: 16/35 MP: 4/4
  2404 | D:3      | Noticed an ogre
  2413 | D:3      | Killed an ogre
  2414 | D:3      | Reached skill level 5 in Axes
  2414 | D:3      | Reached XP level 5. HP: 41/41 MP: 5/5
  2460 | D:3      | Found Daocsar's Antique Armour Emporium.
  2971 | D:4      | Reached skill level 6 in Axes
  2975 | D:4      | HP: 1/41 [poisoned by a scorpion]
  2976 | D:4      | Succumbed to a scorpion's poison

Illustrated notes

Levels and vault maps discovered:
D:1:      lordsloth_arrival_two_stooges, layout_basic, grunt_decor_fettered,
          minmay_misc_feat_diagonals, nicolae_concentric_dashed_squares_wild
D:2:      layout_rooms, hangedman_decor_clover_reticule
D:3:      layout_basic, serial_shops, shop, kennysheep_path_1
D:4:      layout_rooms, temple_doors_e, uniq_duvessa, uniq_ijyb

Skill      XL: |  1  2  3  4  5 |
---------------+----------------+-----
Axes           | 3 4 5 6 |  6.0
Fighting       | |  3.0
Armour         | |  1.7
Dodging        | |  1.7

Action                   |  1- 3 |  4- 6 || total
-------------------------+-------+-------++-------
Melee: Hand axe          |   113 |    36 ||   149
       Touch             |     4 |     6 ||    10
       Punch             |     1 |     1 ||     2
Invok: Berserk           |     4 |     2 ||     6
       Trog's Hand       |       |     1 ||     1
  Use: Potion            |     2 |       ||     2
 Stab: Sleeping          |       |     1 ||     1
Armor: Animal skin       |    34 |     3 ||    37
Dodge: Dodged            |    91 |    16 ||   107
Block: Other             |    21 |     6 ||    27
       Reflection        |       |     1 ||     1

Table legend: (Time is in decaauts)
 A = Elapsed time spent in this place.
 B = Non-inter-level travel time spent in this place.
 C = Inter-level travel time spent in this place.
 D = Time resting spent in this place.
 E = Time spent auto-exploring this place.
 F = Levels seen in this place.
 G = Mean time per level.
                   A        B        C        D        E       F      G
               +--------+--------+--------+--------+--------+-----+--------+
         Total |   3044 |   2998 |     46 |    626 |   2003 |   4 |  761.0 |
       Dungeon |   3044 |   2998 |     46 |    626 |   2003 |   4 |  761.0 |
               +--------+--------+--------+--------+--------+-----+--------+

Top non-repeatable levels by time:
     D:1: 1181 daAuts
     D:2: 1166 daAuts
     D:3: 612 daAuts
     D:4: 83 daAuts
